 Dungeon Crawl Stone Soup version 0.30-b1-2-g02819fbbbe (webtiles) character file.

Game seed: 1278185201081878603

(classic levelgen) 485 EnegeticOcto the Chopper (level 6, -3/56 HPs)
             Began as a Minotaur Fighter on May 9, 2023.
             Slain by a water moccasin (8 damage)
             ... on level 5 of the Dungeon.
             The game lasted 00:01:56 (2919 turns).

EnegeticOcto the Chopper (Minotaur Fighter)         Turns: 2919, Time: 00:01:56

Health: -3/56      AC:  8    Str: 23    XL:     6   Next: 88%
Magic:  5/5        EV:  9    Int:  5    God:
Gold:   214        SH:  4    Dex:  9    Spells: 5/5 levels left

rFire   . . .        a - +0 war axe
rCold   . . .        c - +0 buckler
rNeg    . . .        b - +0 scale mail
rPois   .            (helmet restricted)
rElec   .            o - +0 cloak
rCorr   .            (no gloves)
SInv    .            (no boots)
Will    .....        (no amulet) Stlth
                     (no ring)
HPRegen 0.29/turn    (no ring)
MPRegen 0.09/turn

%: no passive effects
@: lethally poisoned (-3 -> -4)
A: horns 2, retaliatory headbutt
a: no special abilities


You were on level 5 of the Dungeon.
You visited 1 branch of the dungeon, and saw 5 of its levels.

You collected 214 gold pieces.

Inventory:

Hand Weapons
 a - a +0 war axe (weapon)
Armour
 b - a +0 scale mail (worn)
 c - a +0 buckler (worn)
 o - a +0 cloak (worn)
   (You found it on level 3 of the Dungeon)
Jewellery
 n - a +6 ring of dexterity
   (You found it on level 3 of the Dungeon)
Wands
 p - a wand of flame (16) {@v4}
   (You took it off Ijyb on level 3 of the Dungeon)
Scrolls
 e - 2 scrolls of immolation
 g - 2 scrolls of teleportation {@r3}
 h - a scroll of enchant weapon {unknown}
 k - a scroll of enchant armour {unknown}
 m - 2 scrolls of magic mapping {@r5}
 q - a scroll of poison
Potions
 d - a potion of might {@q3}
 f - a potion of lignification {unknown}
 i - 3 potions of heal wounds {unknown}
 j - a potion of attraction {unknown}
 r - 3 potions of curing {unknown}
 s - a potion of cancellation {unknown}


   Skills:
 + Level 5.2 Fighting
 * Level 6.0 Axes
 + Level 5.3 Armour
 + Level 5.3 Shields


You had 5 spell levels left.
You didn't know any spells.
Your spell library was empty.

Dungeon Overview and Level Annotations

Branches:
Dungeon (5/15)             Temple (0/1) D:5

Altars:
Dithmenos
Hepliaklqana
Okawaru
Qazlal
Zin


Innate Abilities, Weirdness & Mutations

You have a pair of horns on your head.
You reflexively headbutt those who attack you in melee.


Message History

You see here an adder corpse.
You now have 214 gold pieces (gained 13).
You see here an adder corpse.
There is an open door here.
There is an open door here.
You open the door.
Found a Trismegistus Codex.
There is an open door here.
Found an iron altar of Okawaru.
You open the door.
There is an open door here.
Things that are here:
a +0 hand axe; an orc corpse
There is an open door here.
An orc comes into view. It is wielding a +0 club.
The orc shouts!
You hear a shout!
An orc comes into view. It is wielding a +0 hand axe.
An orc comes into view. It is wielding a +0 short sword.
The orc shouts!
An ice beast and a water moccasin come into view.
The orc hits you with a +0 club.
You slash the orc!
You kill the orc!
The orc barely misses you.
You see here a +0 club.
You barely miss the orc. You headbutt the orc.
The orc is moderately wounded.
You slash the orc!
You kill the orc!
The orc barely misses you. You furiously retaliate!
You headbutt the orc.
You kill the orc!
You block the water moccasin's attack.
You barely miss the water moccasin. You closely miss the ice beast.
The water moccasin bites you.
The ice beast hits you but does no damage.
You miss the water moccasin. You hit the ice beast.
The water moccasin bites you.
You are poisoned.
The water moccasin poisons you!
The water moccasin bites you but does no damage.
The ice beast hits you but does no damage.
You hit the ice beast.
The ice beast is moderately wounded.
You barely miss the water moccasin.
You feel very sick. The water moccasin bites you. The ice beast hits you.
The ice beast freezes you.
The water moccasin bites you but does no damage.
You hit the ice beast but do no damage. You headbutt the ice beast!
The ice beast is heavily wounded.
You slash the water moccasin!
You feel very sick. You block the water moccasin's attack.
The ice beast hits you but does no damage.
You block the water moccasin's attack.
The ice beast hits you but does no damage.
You hit the ice beast but do no damage.
The ice beast is heavily wounded.
You closely miss the water moccasin.
You feel sick.
The water moccasin bites you but does no damage.
You block the ice beast's attack. The water moccasin bites you!
You are too injured to fight recklessly!
You are too injured to fight recklessly!
You are too injured to fight recklessly!
You are too injured to fight recklessly!
You are too injured to fight recklessly!
You are too injured to fight recklessly!
You are too injured to fight recklessly!
You are too injured to fight recklessly!
You are too injured to fight recklessly!
You are too injured to fight recklessly!
You are too injured to fight recklessly!
You miss the water moccasin.
Your headbutt misses the water moccasin.
The water moccasin is moderately wounded.
You completely miss the ice beast.
You feel sick. You block the water moccasin's attack.
The ice beast hits you but does no damage.
You barely miss the ice beast.
The ice beast is heavily wounded.
You slash the water moccasin!
You feel sick. The water moccasin closely misses you.
The ice beast hits you but does no damage.
The water moccasin bites you.
* * * LOW HITPOINT WARNING * * *
You closely miss the ice beast.
The ice beast is heavily wounded.
You closely miss the water moccasin.
You feel sick.
The water moccasin bites you but does no damage.
The ice beast hits you but does no damage.
The water moccasin misses you. The ice beast hits you.
* * * LOW HITPOINT WARNING * * *
The ice beast freezes you!
* * * LOW HITPOINT WARNING * * *
You hit the ice beast.
The ice beast is severely wounded.
You hit the water moccasin.
You feel sick. You block the water moccasin's attack. The ice beast misses you.
The water moccasin bites you!
You die...

,,,,,+,,,,,,,,,,,,,,,#...........
,,,,,*,,,............#...........
,,,,,*,,,............#...........
,,,,,**>,............#.....######
,,,,,**,,............#.....'.....
,,,,,,,,,............#.....#.....
,,,,,,,,,............#.....#.....
,,,,,,,,,......)Y....#.....######
,,,,,**,,......S@....#.....#.....
,,,,,*#..............#...))#.....
,,,,,,#..............#...).#.....
,,,,,,#..............#.....'.....
,,,,,,#..............#########...
,,,,,,#.............#.........#..
,,,,,,#.............#.≈≈≈≈≈≈≈.#..
,,,,,,+.............#≈..≈≈≈..≈#..
,,,,,*#..b..........#≈.≈...≈.≈#..


You could see a water moccasin and an ice beast.

Vanquished Creatures
  Eustachio (D:4)
  An orc priest (D:4)
  A hound (D:4)
  A sleepcap (D:4)
  Ijyb (D:3)
  An orc wizard (D:4)
  6 gnolls
  6 adders
  2 worms
  4 dart slugs
  9 orcs
  4 bats
  4 endoplasms
  A giant cockroach (D:1)
  11 goblins
  3 hobgoblins (D:2)
  6 jackals (D:2)
  6 kobolds
  2 quokkas
  4 ball pythons
  4 frilled lizards
  A rat (D:2)
79 creatures vanquished.

Vanquished Creatures (others)
  A fungus (D:3)
  A plant (D:3)
2 creatures vanquished.

Grand Total: 81 creatures vanquished

Notes
Turn   | Place    | Note
-------+----------+-------------------------------------------
     0 | D:1      | EnegeticOcto the Minotaur Fighter began the quest for the
                  | Orb.
     0 | D:1      | Reached XP level 1. HP: 19/19 MP: 0/0
    85 | D:1      | Reached XP level 2. HP: 27/27 MP: 1/1
   175 | D:1      | You fall into a shaft and drop 1 floor!
   187 | D:2      | Reached skill level 3 in Axes
   343 | D:2      | Reached XP level 3. HP: 33/33 MP: 2/2
  1011 | D:3      | Reached XP level 4. HP: 38/40 MP: 3/3
  1163 | D:3      | Found a faded altar of an unknown god.
  1317 | D:3      | Reached skill level 4 in Axes
  1335 | D:3      | Found a glowing silver altar of Zin.
  1424 | D:3      | Identified the +7 short sword of the Unspeakable One
                  | {antimagic, Will+ Stlth+}
  1567 | D:3      | Noticed Ijyb
  1573 | D:3      | Killed Ijyb
  1574 | D:3      | Reached XP level 5. HP: 47/47 MP: 4/4
  1761 | D:4      | Noticed Eustachio
  1772 | D:4      | Killed Eustachio
  1773 | D:4      | Reached skill level 5 in Axes
  1773 | D:4      | Reached skill level 5 in Armour
  1773 | D:4      | Reached skill level 5 in Shields
  1773 | D:4      | Reached XP level 6. HP: 19/55 MP: 5/5
  1958 | D:4      | Reached skill level 5 in Fighting
  2467 | D:4      | Found a shadowy altar of Dithmenos.
  2661 | D:5      | Entered Level 5 of the Dungeon
  2661 | D:5      | Found a hazy altar of Hepliaklqana.
  2682 | D:5      | Found a staircase to the Ecumenical Temple.
  2740 | D:5      | Found a stormy altar of Qazlal.
  2798 | D:5      | Reached skill level 6 in Axes
  2851 | D:5      | Found an iron altar of Okawaru.
  2907 | D:5      | Noticed an ice beast
  2907 | D:5      | Noticed a water moccasin
  2919 | D:5      | Slain by a water moccasin

Illustrated notes

Levels and vault maps discovered:
D:1:      sevenhm_arrival_forest_fort_small_4, layout_basic
D:2:      kennysheep_the_goblin_king, layout_loops_ring
D:3:      layout_loops_ring, mainiacjoe_overflow_alcove_4,
          shapermc_ecumenical_altar_mp_ritualfount, uniq_ijyb
D:4:      layout_loops_ring, old_standard_altar, hangedman_glass_teeth,
          uniq_eustachio
D:5:      layout_gridville, nicolae_wu_jian_immortal_techniques,
          okawaru_gym_becter, mainiacjoe_overflow_paths,
          mainiacjoe_overflow_small_starburst, minmay_temple_entry_antechambers,
          uniq_prince_ribbit1

Skill      XL: |  1  2  3  4  5  6 |
---------------+-------------------+-----
Axes           | 3 4 5 6 |  6.0
Armour         | 4 5 |  5.3
Fighting       | 4 5 |  5.2
Shields        | 4 5 |  5.3

Action                     |  1- 3 |  4- 6 || total
---------------------------+-------+-------++-------
  Melee: War axe           |    67 |   125 ||   192
         Headbutt          |    10 |    23 ||    33
    Use: Scroll            |       |     7 ||     7
 Armour: Scale mail        |    42 |    56 ||    98
  Dodge: Dodged            |    42 |    40 ||    82
  Block: Buckler           |    11 |    35 ||    46
